 Dungeon Crawl Stone Soup version 0.29-a0-233-g1125b37a9b (webtiles) character file.

Game seed: 2132538645782840917

35 sammy202020 the Skirmisher (level 3, -6/29 HPs)
             Began as a Demonspawn Berserker on Mar 1, 2022.
             Was a Follower of Trog.
             Killed by nerve-wracking pain
             ... invoked by Grinder
              (12 damage)
             ... on level 3 of the Dungeon.
             The game lasted 00:02:44 (2003 turns).

sammy202020 the Skirmisher (Demonspawn Berserker)   Turns: 2003, Time: 00:02:44

Health: -6/29      AC:  8    Str: 19    XL:     3   Next: 16%
Magic:  3/3        EV:  8    Int:  8    God:    Trog [*.....]
Gold:   59         SH:  0    Dex: 12    Spells: 2/2 levels left

rFire   + . .      SeeInvis .   g - +0 whip (elec)
rCold   . . .      Faith    .   (no shield)
rNeg    . . .      Spirit   .   j - +0 chain mail
rPois   .          Reflect  .   (no helmet)
rElec   .          Harm     .   (no cloak)
rCorr   .          Rampage  .   (no gloves)
Will    +....                   (no boots)
Stlth   ..........              (no amulet)
HPRegen 0.09/turn               f - ring of protection from fire
MPRegen 0.16/turn               o - ring of willpower

@: no status effects
A: magic regeneration, demonic magic 1
a: Renounce Religion, Berserk


You were on level 3 of the Dungeon.
You worshipped Trog.
Trog was aware of your devotion.
You visited 1 branch of the dungeon, and saw 3 of its levels.

You collected 59 gold pieces.

Inventory:

Hand Weapons
 a - a +0 mace
 g - a +0 whip of electrocution (weapon)
Missiles
 c - 3 poisoned darts (quivered)
 k - 38 stones
Armour
 j - a +0 chain mail (worn)
Jewellery
 f - a ring of protection from fire (left hand)
 o - a ring of willpower (right hand)
Scrolls
 b - a scroll of fog
 d - a scroll of identify
Potions
 h - 2 potions of curing
 i - a potion of flight {unknown}
 m - a potion of haste {unknown}


   Skills:
 + Level 3.3 Fighting
 + Level 3.0 Maces & Flails
 + Level 2.2 Armour
 + Level 2.2 Dodging


You had 2 spell levels left.
You didn't know any spells.
Your spell library was empty.

Dungeon Overview and Level Annotations

Branches:
Dungeon (3/15)

Altars:
Nemelex Xobeh

Annotations:
D:3 Grinder


Innate Abilities, Weirdness & Mutations

You regenerate magic rapidly.
Spells you cast may paralyse adjacent enemies.


Message History

You enter the shallow water.
Moving in this stuff is going to be slow.
You enter the shallow water.
Moving in this stuff is going to be slow.
Key pressed, stopping explore.
There is a stone staircase leading up here.
d - a scroll of identify No target in view!
No target in view!
No target in view!
Grinder comes into view.
Grinder shouts!
Grinder is nearby!
Grinder gestures at you.
You suddenly lose the ability to move!
Grinder hits you. x2
You writhe in agony.
Grinder gestures at you.
You easily resist.
Grinder hits you.
You writhe in agony.
Grinder hits you but does no damage. Grinder hits you.
You writhe in agony.
You can move again.
You fail to use your ability.
Grinder barely misses you.
You completely miss Grinder. Grinder barely misses you.
You hit Grinder.
Grinder is lightly wounded.
Grinder says, "There's only one good use for a tongue: cutting it out."
Grinder hits you but does no damage.
You hit Grinder but do no damage.
Grinder is lightly wounded.
Grinder hits you.
* * * LOW HITPOINT WARNING * * *
You writhe in agony.
* * * LOW HITPOINT WARNING * * *
You hit Grinder but do no damage.
Grinder is lightly wounded.
Grinder gestures at you. Pain shoots through your body!
You die...

.. #.# #########
#.# ........####
#.# ...........#
#.# ...........#
#.# ............
#.###.#............
#.@5..#............
#.###+#+######.....
#...........##.####
#.##........##.#
#.# ........##.#
#.# ...........#
#.# ########...#
#.# ##...#### #.#
#........


You could see Grinder.

Vanquished Creatures
  A worm (D:2)
  A dart slug (D:2)
  3 endoplasms (D:1)
  2 giant cockroaches
  A hobgoblin (D:2)
  3 quokkas
  3 ball pythons
  3 bats
  3 frilled lizards
  4 goblins (D:2)
  4 kobolds
  2 rats (D:1)
30 creatures vanquished.

Notes
Turn   | Place    | Note
-------+----------+-------------------------------------------
     0 | D:1      | sammy202020 the Demonspawn Berserker began the quest for
                  | the Orb.
     0 | D:1      | Reached XP level 1. HP: 18/18 MP: 1/1
   644 | D:1      | Gained mutation: You regenerate magic rapidly. [demonic
                  | ancestry]
   644 | D:1      | Reached XP level 2. HP: 24/24 MP: 2/2
  1138 | D:2      | Found a sparkling altar of Nemelex Xobeh.
  1302 | D:2      | Found a faded altar of an unknown god.
  1376 | D:2      | Gained mutation: Spells you cast may paralyse adjacent
                  | enemies. [demonic ancestry]
  1376 | D:2      | Reached XP level 3. HP: 21/29 MP: 3/3
  1991 | D:3      | Noticed Grinder
  1992 | D:3      | Paralysed by Grinder for 7 turns
  2003 | D:3      | Killed from afar by Grinder

Illustrated notes

Levels and vault maps discovered:
D:1:      dpeg_arrival_boxorama, layout_basic, minmay_misc_feat_tower,
          wander_ebering_terrifying_dragon_lair
D:2:      layout_basic, basic_altar, hellmonk_ecumenical_altar_crossroads
D:3:      wad_lake_hut, layout_basic, uniq_jessica, uniq_crazy_yiuf_cottage,
          uniq_grinder

Skill      XL: |  1  2 |
---------------+-------+-----
Dodging        | 2 |  2.2
Armour         | 2 |  2.2
Maces & Flails | 3 |  3.0
Fighting       | |  3.3

Action                   || total
-------------------------++-------
Melee: Whip              ||    91
       Mace              ||     2
  Use: Scroll            ||     5
Armor: Chain mail        ||    47
       Animal skin       ||     1
Dodge: Dodged            ||    31

Table legend: (Time is in decaauts)
 A = Elapsed time spent in this place.
 B = Non-inter-level travel time spent in this place.
 C = Inter-level travel time spent in this place.
 D = Time resting spent in this place.
 E = Time spent auto-exploring this place.
 F = Levels seen in this place.
 G = Mean time per level.
                   A        B        C        D        E       F      G
               +--------+--------+--------+--------+--------+-----+--------+
         Total |   2035 |   1986 |     49 |      0 |   1694 |   3 |  678.3 |
       Dungeon |   2035 |   1986 |     49 |      0 |   1694 |   3 |  678.3 |
               +--------+--------+--------+--------+--------+-----+--------+

Top non-repeatable levels by time:
     D:1: 976 daAuts
     D:2: 686 daAuts
     D:3: 372 daAuts
